 Dungeon Crawl Stone Soup version 0.31-a0-83-gbff143cfd1 (webtiles) character file.

Game seed: 4896938625604076595

37 voltaire321 the Stinger (level 3, -4/26 HPs)
             Began as a Merfolk Venom Mage on May 25, 2023.
             Slain by a gnoll
             ... wielding a +0 flail
              (9 damage)
             ... on level 2 of the Dungeon.
             The game lasted 00:04:11 (1603 turns).

voltaire321 the Stinger (Merfolk Venom Mage)        Turns: 1603, Time: 00:04:11

Health: -4/26      AC:  4    Str: 16    XL:     3   Next: 41%
Magic:  4/6        EV: 12    Int: 14    God:
Gold:   36         SH:  0    Dex: 14    Spells: 5/6 levels left

rFire   . . .        f - +0 short sword
rCold   . . .        (no shield)
rNeg    . . .        e - +0 leather armour
rPois   .            (no helmet)
rElec   .            (no cloak)
rCorr   .            (no gloves)
SInv    .            i - +0 pair of boots {Stlth+}
Will    .....        (no amulet)
Stlth   +++          g - +6 ring of strength
HPRegen 0.24/turn    (no ring)
MPRegen 0.10/turn

%: no passive effects
@: no status effects
A: (nimble swimmer 2), mertail
a: no special abilities


You were on level 2 of the Dungeon.
You visited 1 branch of the dungeon, and saw 2 of its levels.

You collected 36 gold pieces.

Inventory:

Hand Weapons
 f - a +0 short sword (weapon)
Armour
 e - a +0 leather armour (worn)
 i - a +0 pair of boots of stealth (worn)
Jewellery
 g - a +6 ring of strength (left hand)
Scrolls
 d - a scroll of teleportation {unknown}
Potions
 a - a potion of curing {unknown}
 b - a potion of magic
 c - 2 potions of heal wounds {unknown}
 h - a potion of cancellation {unknown}


   Skills:
 + Level 1.0 Fighting
 + Level 0.6 Armour
 + Level 3.2 Dodging
 + Level 2.2 Stealth
 + Level 2.2 Spellcasting
 - Level 2.0 Transmutations
 + Level 3.6 Poison Magic


You had 5 spell levels left.
You knew the following spells:

 Your Spells              Type           Power      Damage    Failure   Level
a - Sting                 Tmut/Pois      32%        1d4       10%         1

Your spell library contained the following spells:

 Spells                   Type           Power      Damage    Failure   Level
 Beastly Appendage        Tmut           14%        N/A       13%         1
 Wereblood                Tmut           7%         N/A       19%         2
 Poisonous Vapours        Pois/Air       10%        N/A       22%         2
 Spider Form              Tmut/Pois      8%         N/A       30%         3
 Mephitic Cloud           Conj/Pois/Air  3%         N/A       52%         3
 Olgreb's Toxic Radiance  Pois           11%        N/A       54%         4


Dungeon Overview and Level Annotations

Branches:
Dungeon (2/15)

Altars:


Innate Abilities, Weirdness & Mutations

((You are very nimble when in or above water. (Stealth+, EV+, Speed+++)))
Your lower body shifts to a powerful aquatic tail in water.


Message History

You kill the ball python!
You see here a ball python corpse.
A gnoll comes into view.
It is wielding a +0 spear. 2 gnolls come into view.
The gnoll moves out of view.
The gnoll shouts!
You hear a shout!
A gnoll comes into view. It is wielding a +0 flail.
Aiming: Sting (safe; 10% risk of failure)
Press: ? - help, Q - select action Shift-Dir - straight line, f - you
Okay, then.
Aiming: Sting (safe; 10% risk of failure)
Press: ? - help, Q - select action Shift-Dir - straight line
Okay, then.
Aiming: Sting (safe; 10% risk of failure)
Press: ? - help, Q - select action Shift-Dir - straight line, f - gnoll
Aim: a gnoll, wielding a +0 flail (72% to hit)
You miscast Sting.
You are very lightly contaminated with residual magic.
Nothing appears to happen.
You see here a ball python corpse.
Aiming: Sting (safe; 10% risk of failure)
Press: ? - help, Q - select action Shift-Dir - straight line, f/p - gnoll
Aim: a gnoll, wielding a +0 flail (72% to hit)
The sting hits the gnoll.
The gnoll is poisoned.
The gnoll is moderately wounded.
The gnoll attacks as you move away! The gnoll barely misses you.
The gnoll attacks as you move away! The gnoll hits you with a +0 flail!
You see here a dart slug corpse.
Aiming: Sting (safe; 10% risk of failure)
Press: ? - help, Q - select action Shift-Dir - straight line, f/p - gnoll
Aim: a gnoll, wielding a +0 flail (moderately wounded, poisoned, 72% to hit)
The sting hits the gnoll.
The gnoll looks even sicker.
The gnoll is heavily wounded.
The gnoll hits you with a +0 flail.
The gnoll hits you from afar with a +0 halberd!
* * * LOW HITPOINT WARNING * * *
Your magical contamination has completely faded away.
The gnoll attacks as you move away! The gnoll barely misses you.
The gnoll attacks as you move away! The gnoll hits you with a +0 flail!
You die...

########
#######......#
#..........#.#
..#..#..##.#.#
##....##.#.#######
#......#.#.......#
#...#........@g..#.#
######.######..g...#
#.# ####g### #.#
#...# ##'## ###g#
##...## #†#
##.....## # #.#
##.......## ##.#.#
#.........# #...g#


You could see 4 gnolls.

Vanquished Creatures
  A worm (D:2)
  A dart slug (D:2)
  An endoplasm (D:1)
  3 goblins
  A hobgoblin (D:1)
  3 jackals (D:1)
  2 kobolds
  2 quokkas (D:1)
  4 ball pythons
  7 bats
  6 rats
31 creatures vanquished.

Notes
Turn   | Place    | Note
-------+----------+-------------------------------------------
     0 | D:1      | voltaire321 the Merfolk Venom Mage began the quest for the
                  | Orb.
     0 | D:1      | Reached XP level 1. HP: 13/13 MP: 3/3
   202 | D:1      | Reached XP level 2. HP: 20/20 MP: 3/5
   324 | D:1      | Noticed a floating eye
   328 | D:1      | Found a faded altar of an unknown god.
   502 | D:1      | Noticed a floating eye
   506 | D:1      | Noticed a golden eye
   506 | D:1      | Noticed a golden eye
   963 | D:1      | Reached XP level 3. HP: 24/25 MP: 2/6
  1434 | D:2      | Reached skill level 1 in Fighting
  1603 | D:2      | Slain by a gnoll

Illustrated notes

Levels and vault maps discovered:
D:1:      minmay_arrival_four_houses, layout_loops_cross,
          hellmonk_ecumenical_altar_watching_god, roderic_serpentine_path,
          hangedman_abyss_or_decor_lesser_grid
D:2:      layout_loops_corners

Skill      XL: |  1  2  3 |
---------------+----------+-----
Dodging        | 3 |  3.2
Transmutations | 2 |  2.0
Fighting       | 1 |  1.0
Armour         | |  0.6
Stealth        | |  2.2
Spellcasting   | |  2.2
Poison Magic   | |  3.6

Action                     || total
---------------------------++-------
  Melee: Dagger            ||    13
         Unarmed           ||     1
         Short sword       ||    18
   Cast: Sting             ||    51
 Armour: Leather armour    ||    12
  Dodge: Dodged            ||    35

Table legend: (Time is in decaauts)
 A = Elapsed time spent in this place.
 B = Non-inter-level travel time spent in this place.
 C = Inter-level travel time spent in this place.
 D = Time resting spent in this place.
 E = Time spent auto-exploring this place.
 F = Levels seen in this place.
 G = Mean time per level.
                   A        B        C        D        E       F      G
               +--------+--------+--------+--------+--------+-----+--------+
         Total |   1601 |   1590 |     11 |    320 |    960 |   2 |  800.5 |
       Dungeon |   1601 |   1590 |     11 |    320 |    960 |   2 |  800.5 |
               +--------+--------+--------+--------+--------+-----+--------+

Top non-repeatable levels by time:
     D:1: 1201 daAuts
     D:2: 400 daAuts
